 Dungeon Crawl Stone Soup version 0.25-a0-67-g7dccc1bee0 (webtiles) character file.

Game seed: 6724193003269635824, levelgen mode: deterministic

49 iamserjio the Chiller (level 3, -2/23 HPs)
             Began as an Octopode Ice Elementalist on Nov 1, 2019.
             Slain by a gnoll
             ... wielding a +0 spear
              (8 damage)
             ... on level 3 of the Dungeon.
             The game lasted 00:02:31 (2095 turns).

iamserjio the Chiller (Octopode Ice Elementalist)   Turns: 2095, Time: 00:02:32

Health: -2/23      AC:  1    Str:  8    XL:     3   Next: 75%
Magic:  0/6        EV: 14    Int: 17    God:
Gold:   109        SH:  0    Dex: 12    Spells: 5/6 levels left

rFire    + . .     SeeInvis .   (no weapon)
rCold    . . .     Gourm    .   (no shield)
rNeg     . . .     Faith    +   (helmet restricted)
rPois    +         Spirit   .   k - amulet of faith
rElec    .         Reflect  .   c - ring of protection from fire
rCorr    .         Harm     .   e - ring of poison resistance
MR       +....                  f - ring of stealth
Stlth    ++++......             m - ring of protection from magic
HPRegen  0.07/turn              (no ring)
MPRegen  0.10/turn              (no ring)
                                (no ring)
                                (no ring)

@: very slightly contaminated
A: almost no armour, stealthy swim, amphibious, 8 rings, constrict 8, camouflage
1, gelatinous body 1
a: no special abilities


You were on level 3 of the Dungeon.
You were not hungry.

You visited 1 branch of the dungeon, and saw 3 of its levels.

You collected 109 gold pieces.

Inventory:

Hand Weapons
 l - a +0 hunting sling
Missiles
 d - 5 javelins (quivered)
 n - 89 stones
 q - 17 sling bullets
Jewellery
 c - a ring of protection from fire (left tentacle)
 e - a ring of poison resistance (right tentacle)
 f - a ring of stealth (on tentacle)
 k - an amulet of faith (around mantle)
 m - a ring of protection from magic (on tentacle)
Scrolls
 a - 6 scrolls of teleportation {unknown}
 h - a scroll of remove curse {unknown}
 i - a scroll of magic mapping {unknown}
 j - 3 scrolls of identify {unknown}
 p - a scroll of amnesia {unknown}
 r - a scroll of immolation {unknown}
Potions
 g - 3 potions of lignification {unknown}
 o - a potion of curing {unknown}
 t - a potion of resistance {unknown}
Comestibles
 b - 7 rations
 s - 2 chunks of flesh


   Skills:
 + Level 1.3 Fighting
 * Level 3.1 Dodging
 - Level 2.6 Stealth
 - Level 2.0 Spellcasting
   Level 1.0 Conjurations
 + Level 3.4 Ice Magic


You had 5 spell levels left.
You knew the following spells:

 Your Spells              Type           Power        Failure   Level  Hunger
a - Freeze                Ice            ##..         4%          1    #......

Your spell library contained the following spells:

 Spells                   Type           Power        Failure   Level  Hunger
 Throw Frost              Conj/Ice       #.....       12%         2    ###....
 Ozocubu's Armour         Chrm/Ice       #.......     28%         3    ###....
 Throw Icicle             Conj/Ice       #.......     61%         4    #####..
 Summon Ice Beast         Ice/Summ       #.......     67%         4    #####..


Dungeon Overview and Level Annotations

Branches:
Dungeon (3/15)

Altars:


Innate Abilities, Weirdness & Mutations

You cannot wear most types of armour.
You are very stealthy in the water. (Stealth+)
You are amphibious.
You can wear up to eight rings at the same time.
You can use your tentacles to constrict eight enemies at once.
Your skin changes colour to match your surroundings (Stealth+).
Your rubbery body absorbs attacks. (AC +1, EV +1)


Message History

You kill the kobold!
The gnoll shouts!
A gnoll comes into view. It is wielding a +0 spear.
Casting: Freeze (safe; 4% risk of failure)
Aiming: Freeze (safe; 4% risk of failure)
Aim: a gnoll, wielding a +0 flail You freeze the gnoll.
The gnoll barely misses you.
Casting: Freeze (safe; 4% risk of failure)
Aiming: Freeze (safe; 4% risk of failure)
Aim: a gnoll, wielding a +0 flail (lightly wounded)
You freeze the gnoll!
The gnoll hits you from afar with a +0 spear.
Casting: Freeze (safe; 4% risk of failure)
Aiming: Freeze (safe; 4% risk of failure)
Aim: a gnoll, wielding a +0 flail (heavily wounded)
You miscast Freeze.
You shiver with cold.
The gnoll hits you with a +0 flail!
Ouch! That really hurt!
* * * LOW HITPOINT WARNING * * *
The gnoll hits you from afar with a +0 spear!
You die...

#############
#...........#
#@#########.#
#g# #.# #g#
#.# .g#
#######.# #..
........######
#.#
#######.......
#.# #.###...
#.# #.......
#####.##


You could see 3 gnolls.

Vanquished Creatures
  An adder (D:2)
  An ooze (D:1)
  2 leopard geckos
  A ball python (D:2)
  6 bats
  5 giant cockroaches
  2 goblins (D:1)
  2 hobgoblins
  2 frilled lizards
  6 kobolds
  4 rats
32 creatures vanquished.

Notes
Turn   | Place    | Note
-------+----------+-------------------------------------------
     0 | D:1      | iamserjio the Octopode Ice Elementalist began the quest for
                  | the Orb.
     0 | D:1      | Reached XP level 1. HP: 11/11 MP: 3/3
   194 | D:1      | Reached XP level 2. HP: 16/18 MP: 5/5
   822 | D:1      | Reached skill level 1 in Fighting
  1174 | D:2      | Reached XP level 3. HP: 21/23 MP: 0/6
  2095 | D:3      | Slain by a gnoll

Levels and vault maps discovered:
D:1:      scummos_arrival_star, layout_rooms, minmay_cupped
D:2:      layout_rooms, serial_park_tiny_2
D:3:      layout_loops_ring, first_ration

Skill      XL: |  1  2  3 |
---------------+----------+-----
Fighting       | 1 |  1.3
Dodging        | 3 |  3.1
Stealth        | |  2.6
Spellcasting   | |  2.0
Conjurations   | |  1.0
Ice Magic      | |  3.4

Action                   || total
-------------------------++-------
Melee: Unarmed           ||    52
       Constrict         ||    12
       Tentacles         ||     7
 Cast: Freeze            ||    34
 Stab: Sleeping          ||     2
  Eat: Chunk             ||     4
Armor: Skin              ||    13
Dodge: Dodged            ||    73

Table legend:
 A = Non-vault XP
 B = Vault XP
 C = Vault XP percentage of total XP
 D = Non-vault monster count
 E = Vault monster count
 F = Vault count percentage of total count
                 A         B        C        D         E       F
            +---------+---------+-------+---------+---------+-------
      Total |      65 |       5 |   7.1 |      29 |       3 |   9.4
            +---------+---------+-------+---------+---------+-------
        D:1 |      28 |       5 |  15.2 |      13 |       3 |  18.8
        D:2 |      29 |       0 |   0.0 |      12 |       0 |   0.0
        D:3 |       8 |       0 |   0.0 |       4 |       0 |   0.0
            +---------+---------+-------+---------+---------+-------
